AoeStats
← Blomster

Lombardia

508279825Analyzed
3v3 RM · 9d ago on Sep 21, 2026· 61m 28s· 6 players
Game mode
Random Map
Map size
Normal (6 player)
Population
200
Speed
Normal
Resources
Standard
Victory
Conquest
Starting age
Dark Age
Ending age
Imperial Age
RankedLock teamsTeams togetherTeam positionsShared explorationLock speedFull tech treeHidden civsTurbo modeCheats
Victory
Defeat
🇺🇸 Malay · United States
1186
+12
🇺🇸 Malians · United States
1145
+15
🇫🇷 Saracens · France
1139
+14
🇸🇪 Britons · Sweden
1120
-14
🇸🇪 Franks · Sweden
1105
-14
🇸🇪 Malay · Sweden
1078
-13
skeletor
6:21 Loom
9:24 Feudal Age
9:31 Double-Bit Axe
11:25 Horse Collar
13:45 Wheelbarrow
17:47 Castle Age
16:08 Gold Mining
17:43 Heavy Plow
18:01 Bow Saw
24:42 Hand Cart
29:27 Imperial Age
27:40 Scale Barding Armor
27:45 Forging
27:36 Husbandry
28:36 Elite Battle Elephant
30:43 Iron Casting
30:50 Conscription
30:38 Town Watch
31:30 Gold Shaft Mining
34:02 Blast Furnace
33:19 Fletching
33:13 Treadmill Crane
33:46 Masonry
34:30 Stone Mining
35:50 Crop Rotation
36:48 Caravan
37:40 Bodkin Arrow
39:54 Guilds
42:16 Arson
42:31 Squires
42:35 Forced Levy
41:58 Elite Karambit Warrior
43:24 Town Patrol
47:47 Pikeman
47:50 Man-at-Arms
48:33 Bracer
50:16 Murder Holes
51:22 Chemistry
50:43 Ballistics
Queso Padre
6:38 Loom
9:16 Feudal Age
13:09 Double-Bit Axe
16:12 Fletching
21:41 Castle Age
20:36 Gold Mining
20:51 Horse Collar
22:12 Wheelbarrow
22:36 Bow Saw
22:39 Crossbowman
23:17 Bodkin Arrow
24:51 Padded Archer Armor
26:45 Leather Archer Armor
27:41 Stone Mining
31:34 Ballistics
35:03 Imperial Age
33:35 Thumb Ring
34:36 Hand Cart
34:51 Forging
34:54 Tigui
35:19 Arbalester
36:27 Town Watch
37:37 Ring Archer Armor
39:24 Chemistry
49:47 Caravan
51:16 Farimba
51:37 Conscription
52:40 Scale Barding Armor
53:11 Iron Casting
55:53 Bloodlines
55:44 Husbandry
55:05 Light Cavalry
Capitaine Haddock
4:55 Loom
11:39 Feudal Age
16:14 Castle Age
15:02 Double-Bit Axe
15:39 Horse Collar
18:33 Wheelbarrow
19:07 Heavy Plow
19:05 Town Watch
22:08 Bow Saw
23:43 Hand Cart
24:40 Gold Mining
25:33 Town Patrol
25:56 Stone Mining
31:40 Imperial Age
29:37 Forging
29:17 Fletching
29:28 Padded Archer Armor
30:20 Ballistics
30:54 Fortified Wall
31:00 Masonry
30:50 Bodkin Arrow
31:11 Leather Archer Armor
33:12 Conscription
33:50 Bracer
34:21 Ring Archer Armor
34:02 Forging
33:58 Scale Barding Armor
34:02 Husbandry
34:26 Bloodlines
33:39 Light Cavalry
35:45 Elite Mameluke
37:52 Ring Archer Armor
37:58 Iron Casting
40:06 Bimaristan
39:35 Hussar
42:40 Illumination
42:32 Block Printing
42:55 Caravan
45:07 Heavy Camel Rider
53:39 Chemistry
52:22 Treadmill Crane
56:37 Capped Ram
57:31 Siege Ram
GUZ★
11:16 Feudal Age
12:21 Loom
15:40 Castle Age
13:33 Double-Bit Axe
14:39 Horse Collar
17:33 Wheelbarrow
17:55 Elite Skirmisher
26:10 Bow Saw
32:09 Imperial Age
29:32 Fletching
29:32 Crossbowman
30:12 Bodkin Arrow
31:02 Ballistics
30:43 Gold Mining
30:47 Stone Mining
30:59 Heavy Plow
32:06 Town Watch
32:18 Arbalester
33:05 Bracer
33:06 Padded Archer Armor
34:21 Chemistry
34:48 Conscription
35:36 Two-Man Saw
35:51 Pikeman
36:31 Squires
36:17 Arson
36:50 Forging
36:56 Leather Archer Armor
36:44 Warwolf
37:08 Hand Cart
36:55 Town Patrol
39:44 Halberdier
41:18 Onager
RICKARDRAKET
9:20 Loom
13:03 Feudal Age
14:21 Horse Collar
17:33 Castle Age
17:35 Double-Bit Axe
20:35 Heavy Plow
23:11 Bow Saw
24:48 Fletching
24:59 Padded Archer Armor
25:09 Forging
26:22 Wheelbarrow
26:06 Town Watch
27:22 Gold Mining
30:53 Imperial Age
29:28 Gold Shaft Mining
29:33 Masonry
29:38 Scale Barding Armor
30:20 Hand Cart
31:55 Chemistry
32:05 Ballistics
34:17 Conscription
34:49 Bombard Tower
34:56 Bodkin Arrow
36:40 Iron Casting
36:15 Elite Battle Elephant
38:25 Blast Furnace
39:49 Caravan
44:01 Pikeman
44:41 Squires
45:01 Leather Archer Armor
44:46 Bracer
45:23 Halberdier
51:15 Ring Archer Armor
50:16 Crossbowman
51:02 Thumb Ring
51:31 Crop Rotation
51:07 Town Patrol
50:56 Treadmill Crane
51:01 Arbalester
Blomster
0:26 Loom
12:42 Feudal Age
16:53 Castle Age
16:53 Double-Bit Axe
22:15 Wheelbarrow
22:44 Bow Saw
23:47 Scale Barding Armor
28:02 Forging
32:40 Imperial Age
31:39 Husbandry
32:02 Chain Barding Armor
32:41 Cavalier
34:48 Conscription
35:06 Plate Barding Armor
35:06 Iron Casting
39:00 Blast Furnace
39:46 Pikeman
40:27 Squires
40:30 Scale Mail Armor
41:15 Halberdier
42:13 Chain Mail Armor
50:02 Caravan
55:52 Fletching
56:02 Padded Archer Armor
58:03 Elite Skirmisher
Connection lost

Rejoining the realm…

Still unreachable

The connection could not be restored.

Session expired

The server has moved on; the page needs a fresh start.